 Dungeon Crawl Stone Soup version 0.17-a0-131-ga9cda9c (webtiles) character file.

1412 karlm the Covered (level 8, -4/51 HPs)
             Began as a Gargoyle Fighter on Mar 24, 2015.
             Was a Believer of Okawaru.
             Slain by a troll (9 damage)
             ... on level 6 of the Dungeon.
             The game lasted 00:12:21 (5175 turns).

karlm the Covered (Gargoyle Fighter)                Turns: 5175, Time: 00:12:22

Health: -4/51      AC: 23    Str: 21    XL:     8   Next: 70%
Magic:  6/8        EV: 11    Int: 13    God:    Okawaru [**....]
Gold:   258        SH: 12    Dex:  9    Spells: 0 memorised, 7 levels left

rFire  . . .     SeeInvis .     a - +1 trident
rCold  + . .     Clarity  .     D - +3 scale mail {rC+}
rNeg   + . .     SustAb   .     c - +0 shield
rPois  ∞         Gourm    .     g - +1 helmet {Int+3}
rElec  +         Spirit   .     (no cloak)
rCorr  .         Warding  .     (no gloves)
rMut   .         Stasis   .     i - +2 pair of boots
MR     .....                    k - amulet of rage
Stlth  +.........               (no ring)
                                (no ring)

@: heroism, not resistant to hostile enchantments, very unstealthy
A: negative energy resistance 1, electricity resistance, unbreathing,
petrification resistance, rot immunity, AC +5
a: Heroism, Renounce Religion, Evoke Berserk Rage


You were on level 6 of the Dungeon.
You worshipped Okawaru.
Okawaru was pleased with you.
You were not hungry.

You visited 2 branches of the dungeon, and saw 7 of its levels.

You collected 258 gold pieces.

Inventory:

Hand weapons
 a - a +1 trident (weapon)
 o - a +2 hunting sling of flaming
Missiles
 j - 11 tomahawks
 r - 94 stones (quivered)
 G - 8 poisoned needles
Armour
 c - a +0 shield (worn)
 f - the +1 robe of Ajun Uta {MR++, unknown}
   (You found it on level 4 of the Dungeon)

   It affects your resistance to hostile enchantments.
 g - a +1 helmet of intelligence (worn)
 i - a +2 pair of boots (worn)
 y - a +0 plate armour
 D - a +3 scale mail of cold resistance (worn)
Jewellery
 k - an amulet of rage (around neck)
 E - an uncursed ring of ice
Magical devices
 B - a wand of digging (14)
Scrolls
 b - 4 scrolls of identify
 n - a scroll of magic mapping
 s - a scroll of fog
 x - 4 scrolls of teleportation
 C - 2 scrolls of blinking {unknown}
Potions
 e - a potion of might
 h - a potion of ambrosia {unknown}
 l - a potion of poison
 p - 2 potions of degeneration {unknown}
 q - 2 potions of heal wounds
 v - 2 potions of cancellation {unknown}
 z - 3 potions of curing {unknown}
 A - a potion of brilliance {unknown}
 F - a potion of restore abilities {unknown}
Books
 u - a Grand Grimoire {highlevel, unknown}

   This book is beyond your current level of understanding.

   Spells                             Type                      Level
   a - Aura of Abjuration             Summoning                    6
   b - Summon Greater Demon           Summoning                    7
   c - Malign Gateway                 Summoning/Translocation      7
   d - Summon Horrible Things         Summoning                    8
Comestibles
 d - 4 bread rations
 m - a slice of pizza
 t - 22 fruits
 w - a chunk of flesh
 H - a meat ration


   Skills:
 + Level 6.1(11.1) Fighting
 * Level 6.1(11.1) Polearms
 + Level 6.1(11.1) Armour
 + Level 6.0(11.0) Shields


You had 7 spell levels left.
You didn't know any spells.

Dungeon Overview and Level Annotations

Branches:
Dungeon (6/15)             Temple (1/1) D:4

Altars:
Ashenzari
Dithmenos
Elyvilon
Fedhas
Gozag
Kikubaaqudgha
Makhleb
Okawaru
Qazlal
Ru
Sif Muna
Trog
Vehumet
Xom
Yredelemnul
Zin

Shops:
D:4 !


Innate Abilities, Weirdness & Mutations

You are resistant to torment.
You are immune to poison.
Your stone body is very resilient (AC +5).
You resist negative energy.
You are resistant to electric shocks.
You can survive without breathing.
You are immune to petrification.
You are immune to rotting.


Message History

The orc hits you but does no damage. The troll bites you but does no damage.
You block the troll's attack. The troll barely misses you.
An orc comes into view. It is wielding a dagger.
You barely miss the orc.
The orc is heavily wounded.
The orc shouts!
The orc closely misses you. The troll bites you.
* * * LOW HITPOINT WARNING * * *
The troll claws you but does no damage. The troll completely misses you.
Use which ability? (? or * to list)
You gain the combat prowess of a mighty hero.
You feel slightly more hungry. You block the orc's attack.
The troll bites you but does no damage. The troll barely misses you.
The troll claws you but does no damage.
You hit the troll.
The troll is lightly wounded.
The troll bites you!
* * * LOW HITPOINT WARNING * * *
The troll claws you!
You die...

########## #........#
## ### ## #.######.# #.
..# .# #.# ###.# #. #.#
.###.####.#.########.##
#.#
...............T@ooo..#
#<#
.###.###..#.########..#
#.# .# #.###....#
#..###<# ## #........#
#....>.# #####...##
##.##### ### ##.## #.#
..# #.# ###.# #.# #.#
#...# #.# ##'## #.###


You could see a troll and 3 orcs.

Vanquished Creatures
  The ghost of trelanon the Slicer, an experienced VSWr of Cheibriados (D:5)
  A phantom (D:5)
  An ice beast (D:6)
  An orc warrior (D:6)
  3 ogres
  A crimson imp (D:5)
  2 orc priests
  2 hounds
  An iguana (D:4)
  3 orc wizards
  3 worker ants
  Jessica (D:3)
  Terence (D:3)
  10 adders
  4 worms
  An adder skeleton (D:6)
  4 giant geckos
  2 oozes
  15 orcs
  A ball python (D:5)
  3 giant cockroaches
  13 goblins
  12 hobgoblins
  6 jackals
  A quokka (D:2)
  4 bats
  4 giant newts
  10 kobolds
  8 rats
  2 ballistomycetes (D:6)
121 creatures vanquished.

Vanquished Creatures (others)
  A giant spore (D:6)
1 creature vanquished.

Grand Total: 122 creatures vanquished

Notes
Turn   | Place    | Note
--------------------------------------------------------------
     0 | D:1      | karlm, the Gargoyle Fighter, began the quest for the Orb.
     0 | D:1      | Reached XP level 1. HP: 14/14 MP: 1/1
   252 | D:1      | Reached XP level 2. HP: 19/19 MP: 2/2
   967 | D:2      | Found an iron altar of Okawaru.
   985 | D:2      | Became a worshipper of Warmaster Okawaru
   997 | D:2      | Reached XP level 3. HP: 23/23 MP: 3/3
  1270 | D:2      | Found a glowing silver altar of Zin.
  1367 | D:2      | Reached XP level 4. HP: 27/29 MP: 4/4
  1716 | D:3      | Reached skill level 4 in Fighting
  1899 | D:3      | Reached XP level 5. HP: 33/33 MP: 5/5
  1919 | D:3      | Noticed Jessica
  1923 | D:3      | Killed Jessica
  2358 | D:3      | Noticed Terence
  2371 | D:3      | Killed Terence
  2694 | D:4      | Found a staircase to the Ecumenical Temple.
  2705 | Temple   | Entered the Ecumenical Temple
  2877 | D:4      | Found Ibomas' Distillery.
  2883 | D:4      | Got a slimy robe
  2939 | D:4      | Noticed an ogre
  3005 | D:4      | Killed an ogre
  3005 | D:4      | Reached XP level 6. HP: 19/39 MP: 6/6
  3469 | D:4      | Acquired Okawaru's first power
  3661 | D:4      | Reached XP level 7. HP: 41/44 MP: 7/7
  3700 | D:5      | Entered Level 5 of the Dungeon
  3770 | D:5      | Reached skill level 5 in Fighting
  3878 | D:5      | Noticed trelanon's ghost (experienced VSWr)
  3898 | D:5      | Reached skill level 5 in Armour
  3898 | D:5      | Reached skill level 5 in Shields
  3948 | D:5      | Killed trelanon's ghost
  3948 | D:5      | Reached skill level 5 in Polearms
  3948 | D:5      | Reached XP level 8. HP: 50/50 MP: 8/8
  3958 | D:5      | Found a shattered altar of Ashenzari.
  4882 | D:6      | Reached skill level 6 in Fighting
  5066 | D:6      | Found a bloodstained altar of Trog.
  5102 | D:6      | Noticed a troll
  5175 | D:6      | Slain by a troll

Action                   |  1- 3 |  4- 6 |  7- 9 || total
-------------------------+-------+-------+-------++-------
Melee: Trident           |   181 |   224 |   287 ||   692
Throw: Stone             |       |     1 |       ||     1
Invok: Heroism           |       |       |     1 ||     1
  Use: Scroll            |       |     9 |       ||     9
  Eat: Chunk             |     2 |     8 |     5 ||    15
